 Dungeon Crawl Stone Soup version 0.32-a0-42-ga30500b4d3 (webtiles) character file.

Game seed: 12174960495361853011

2553776 seren the Archmage (level 27, 317/339 HPs)
             Began as an Oni Fire Elementalist on Jan 25, 2024.
             Was the Champion of Vehumet.
             Escaped with the Orb
             ... and 5 runes on Jan 28, 2024!
             The game lasted 09:45:18 (107477 turns).

seren the Archmage (Oni Fire Elementalist)        Turns: 107477, Time: 09:45:19

Health: 317/339    AC: 13    Str: 16    XL:     27
Magic:  48/48      EV: 24    Int: 32    God:    Vehumet [******]
Gold:   8821       SH: 22    Dex: 33    Spells: 20/80 levels left

rFire   + . .        b - staff of the Summoning Wasp {rElec Str-5 Dex+6 Air}
rCold   + + +        N - +5 kite shield {rN+}
rNeg    + + .        X - +4 skin of Zhor {*Englaciate rC+++ SInv}
rPois   +            L - +2 hat of the Insatiable Wishes {Dex+4}
rElec   +            D - +2 cloak {rCorr}
rCorr   +            (gloves unavailable)
SInv    +            (boots unavailable)
Will    ++...        Z - amulet "Qigato" {RegenMP rPois rCorr Int+2 SInv}
Stlth   ++           t - ring of the Centipede {Fly rN+ Int+6 Dex+6 Stlth-}
HPRegen 0.76/turn    y - ring "Muozipt" {rF+ rC+ rCorr Str+3}
MPRegen 0.71/turn

%: clarity
@: flying, studying 2 skills
A: large, unfitting armour, horns 2, tough skin 1, double potion healing,
drunken brawling, talons 1, agile 2, clarity, low MP 1, robust 1, inability to
drink after injury 1, MP-powered wands
0: Orb of Zot
}: 5/15 runes: serpentine, barnacled, slimy, silver, icy
a: Renounce Religion


You escaped.
You worshipped Vehumet.
Vehumet was exalted by your worship.
You visited 15 branches of the dungeon, and saw 65 of its levels.
You visited the Abyss 8 times.
You also visited: Bailey and Ice Cave.

You collected 12993 gold pieces.
You spent 4172 gold pieces at shops.

Inventory:

Hand Weapons
 S - a +6 antimagic trident
Missiles
 o - 135 large rocks
 H - 8 throwing nets {!f}
Armour
 D - a +2 cloak of preservation (worn)
 L - the +2 hat of the Insatiable Wishes (worn) {Dex+4}
   (You acquired it in a bailey)

   Dex+4:     It affects your dexterity (+4).
 N - a +5 kite shield of positive energy (worn)
 P - a +4 kite shield of reflection
 X - the +4 skin of Zhor (worn) {*Englaciate rC+++ SInv}
   (You took it off a frost giant on level 2 of the Depths)

   *Englaciate: It radiates cold, occasionally slowing all nearby creatures who
   are not resistant to cold.
   rC+++:     It renders you almost immune to cold.
   SInv:      It lets you see invisible.
Magical Staves
 a - a staff of fire
 b - the staff of the Summoning Wasp (weapon) {rElec Str-5 Dex+6 Air}
   (You found it on level 5 of the Pits of Slime)

   [staff of air]

   Base accuracy: +5 Base damage: 5 Base attack delay: 1.2 This weapon's minimum
   attack delay (0.6) is reached at skill level 12.
   Str-5:     It affects your strength (-5).
   Dex+6:     It affects your dexterity (+6).
   rElec:     It insulates you from electricity.
   Air:       It increases the power of your Air spells.
   It falls into the 'Staves' category.
   It is a one-handed weapon.
 w - the staff "Norokies" {Str-2 Stlth+ Conj Summ Earth}
   (You took it off a deep elf sorcerer on level 3 of the Elven Halls)

   [staff of conjuration]

   Base accuracy: +5 Base damage: 5 Base attack delay: 1.2 This weapon's minimum
   attack delay (0.6) is reached at skill level 12.
   Str-2:     It affects your strength (-2).
   Stlth+:    It makes you more stealthy.
   Conj:      It increases the power of your Conjurations spells.
   Summ:      It increases the power of your Summonings spells.
   Earth:     It increases the power of your Earth spells.
   It falls into the 'Staves' category.
   It is a one-handed weapon.
Jewellery
 j - a ring of fire
 p - the ring "Ipron" {*Corrode rN+ Str+3 Int+2}
   (You took it off an ogre mage on level 5 of the Vaults)

   [ring of positive energy]

   Str+3:     It affects your strength (+3).
   Int+2:     It affects your intelligence (+2).
   rN+:       It protects you from negative energy.
   *Corrode:  It may corrode you when you take damage.
 t - the ring of the Centipede (left hand) {Fly rN+ Int+6 Dex+6 Stlth-}
   (You acquired it on level 2 of the Crypt)

   [ring of intelligence]

   Int+6:     It affects your intelligence (+6).
   Dex+6:     It affects your dexterity (+6).
   rN+:       It protects you from negative energy.
   Fly:       It grants you flight.
   Stlth-:    It makes you less stealthy.
 u - the ring of Pessimism {Int+3 Slay+4}
   (You found it on level 1 of the Shoals)

   [ring of slaying]

   Int+3:     It affects your intelligence (+3).
   Slay+4:    It affects your accuracy & damage with ranged weapons and melee
   (+4).
 y - the ring "Muozipt" (right hand) {rF+ rC+ rCorr Str+3}
   (You took it off a tengu reaver on level 5 of the Vaults)

   [ring of resist corrosion]

   Str+3:     It affects your strength (+3).
   rF+:       It protects you from fire.
   rC+:       It protects you from cold.
   rCorr:     It protects you from acid and corrosion.
 B - the ring "Lunonol" {Wiz Will+ Dex+4}
   (You bought it in a shop on level 2 of the Orcish Mines)

   [ring of wizardry]

   Wiz:       It improves your spell success rate.
   Dex+4:     It affects your dexterity (+4).
   Will+:     It increases your willpower.
 Z - the amulet "Qigato" (around neck) {RegenMP rPois rCorr Int+2 SInv}
   (You bought it in a shop on level 2 of the Orcish Mines)

   [amulet of magic regeneration]

   RegenMP:   It increases your rate of magic regeneration.
   Int+2:     It affects your intelligence (+2).
   rPois:     It protects you from poison SInv: It lets you see invisible.
   rCorr:     It protects you from acid and corrosion.
Wands
 g - a wand of mindburst (87)
 x - a wand of acid (42)
 E - a wand of digging (14)
 Q - a wand of paralysis (87)
 V - a wand of polymorph (6)
Scrolls
 d - 8 scrolls of revelation
 h - 7 scrolls of fog
 k - 4 scrolls of blinking {!r}
 q - 4 scrolls of fear
 r - 5 scrolls of teleportation {!r}
 s - 11 scrolls of poison
 F - a scroll of torment
 I - 4 scrolls of amnesia
 R - 8 scrolls of immolation
 W - 6 scrolls of silence
Potions
 c - 3 potions of resistance
 e - a potion of heal wounds
 f - 23 potions of curing
 l - 9 potions of cancellation
 m - 11 potions of brilliance
 n - 11 potions of might
 z - 15 potions of mutation {!q}
 C - 5 potions of haste
 J - 17 potions of enlightenment
 Y - 5 potions of invisibility
Miscellaneous
 i - a condenser vane
 v - the horn of Geryon (inert)
 G - a lightning rod (1/4)
 M - a phial of floods (inert)
 O - a phantom mirror
 U - a box of beasts (inert)


   Skills:
 - Level 24.0 Fighting
 - Level 12.0 Staves
 - Level 10.0 Throwing
 + Level 12.8 Armour
 + Level 13.1 Dodging
 * Level 8.0 Stealth
 + Level 15.6 Shields
 O Level 27 Spellcasting
 + Level 24.3 Conjurations
 - Level 2.0 Hexes
 - Level 24.2 Fire Magic
 + Level 9.5 Air Magic
 - Level 6.0 Earth Magic
 - Level 10.0 Evocations


You had 20 spell levels left.
You knew the following spells:

 Your Spells              Type           Power      Damage    Failure   Level
b - Scorch                Fire           100%       2d9       0%          2
c - Inner Flame           Hex/Fire       91%        N/A       0%          3
d - Lee's Rapid Deconstr  Erth           34%        3d17*     1%          5
e - Apportation           Tloc           86%        N/A       1%          1
f - Fireball              Conj/Fire      57%        3d22      0%          5
g - Fire Storm            Conj/Fire      57%        8d15      1%          9
h - Passwall              Erth           69%        N/A       1%          3
i - Ignition              Fire           57%        3d16      1%          8
j - Blink                 Tloc           86%        N/A       1%          2
k - Swiftness             Air            100%       N/A       1%          3
o - Orb of Destruction    Conj           57%        9d14      1%          7
p - Plasma Beam           Fire/Air       61%        2x1d77    1%          6
s - Starburst             Conj/Fire      57%        6d15      0%          6

Your spell library contained the following spells:

 Spells                   Type           Power      Damage    Failure   Level
 Shatter                  Erth           34%        3d28*     100%        9
 Foxfire                  Conj/Fire      100%       2x1d9     0%          1
 Magic Dart               Conj           100%       1d8       0%          1
 Shock                    Conj/Air       100%       1d9       0%          1
 Sting                    Conj/Alch      100%       1d9       0%          1
 Momentum Strike          Conj/Tloc      100%       3d10      0%          2
 Dazzling Flash           Conj/Hex       100%       N/A       0%          3
 Hailstorm                Conj/Ice       88%        3d14      0%          3
 Stone Arrow              Conj/Erth      100%       3d13      0%          3
 Volatile Blastmotes      Fire/Tloc      100%       2d18      0%          3
 Flame Wave               Conj/Fire      100%       2d21      0%          4
 Arcjolt                  Conj/Air       61%        1d71      0%          5
 Iskenderun's Battlesphe  Conj           100%       2d15      0%          5
 Necrotise                Necr           100%       1d9       1%          1
 Sandblast                Erth           100%       2d20      1%          1
 Summon Small Mammal      Summ           100%       N/A       1%          1
 Call Imp                 Summ           86%        N/A       1%          2
 Cigotuvi's Dreadful Rot  Necr/Alch/Air  100%       N/A       1%          2
 Ensorcelled Hibernation  Hex/Ice        98%        N/A       1%          2
 Jinxbite                 Hex            100%       N/A       1%          2
 Lesser Beckoning         Tloc           86%        N/A       1%          2
 Mercury Vapours          Alch/Air       100%       N/A       1%          2
 Sublimation of Blood     Necr           43%        N/A       1%          2
 Frozen Ramparts          Ice            86%        1d13      1%          3
 Mephitic Cloud           Conj/Alch/Air  100%       N/A       1%          3
 Sigil of Binding         Hex            54%        N/A       1%          3
 Tukima's Dance           Hex            54%        N/A       1%          3
 Airstrike                Air            51%        2d(8-24)  1%          4
 Fulminant Prism          Conj/Alch      44%        3d19      1%          4
 Iskenderun's Mystic Bla  Conj/Tloc      88%        2d17      1%          4
 Sticky Flame             Fire/Alch      88%        2d13      1%          4
 Summon Blazeheart Golem  Fire/Summ      88%        N/A       1%          4
 Summon Lightning Spire   Summ/Air       84%        N/A       1%          4
 Vhi's Electric Charge    Tloc/Air       100%       N/A       1%          4
 Freezing Cloud           Conj/Ice/Air   53%        6-21      1%          5
 Bombard                  Conj/Erth      48%        9d8       1%          6
 Spellforged Servitor     Conj/Summ      44%        N/A       1%          7
 Call Canine Familiar     Summ           43%        N/A       2%          3
 Fugue of the Fallen      Necr           43%        N/A       2%          3
 Gell's Gravitas          Tloc           43%        N/A       2%          3
 Ozocubu's Armour         Ice            43%        N/A       2%          3
 Summon Ice Beast         Ice/Summ       43%        N/A       2%          3
 Teleport Other           Tloc           43%        N/A       2%          3
 Vampiric Draining        Necr           43%        2d9       2%          3
 Animate Armour           Summ/Erth      100%       N/A       2%          4
 Leda's Liquefaction      Alch/Erth      29%        N/A       2%          4
 Olgreb's Toxic Radiance  Alch           43%        N/A       2%          4
 Petrify                  Alch/Erth      58%        N/A       2%          4
 Silence                  Hex/Air        44%        N/A       2%          5
 Cause Fear               Hex            27%        N/A       3%          4
 Lehudib's Crystal Spear  Conj/Erth      48%        10d11     3%          8
 Yara's Violent Unravell  Hex/Alch       24%        3d11      4%          5
 Anguish                  Hex/Necr       24%        N/A       6%          4
 Dimensional Bullseye     Hex/Tloc       24%        N/A       6%          4
 Borgnjor's Vile Clutch   Necr/Erth      29%        N/A       7%          5
 Animate Dead             Necr           43%        N/A       9%          4
 Manifold Assault         Tloc           43%        N/A       9%          4
 Passage of Golubria      Tloc           43%        N/A       9%          4
 Metabolic Englaciation   Hex/Ice        24%        N/A       16%         5
 Chain Lightning          Conj/Air       61%        3d82      22%         9
 Curse of Agony           Necr           43%        N/A       24%         5
 Death Channel            Necr           21%        N/A       80%         6
 Dispersal                Tloc           21%        N/A       80%         6
 Sculpt Simulacrum        Ice/Alch       21%        N/A       80%         6
 Summon Cactus Giant      Summ           21%        N/A       80%         6
 Ozocubu's Refrigeration  Ice            21%        4d12      85%         7
 Enfeeble                 Hex            27%        N/A       97%         7
 Haunt                    Necr/Summ      21%        N/A       100%        7
 Malign Gateway           Summ/Tloc      21%        N/A       100%        7
 Monstrous Menagerie      Summ           21%        N/A       100%        7
 Summon Hydra             Summ           21%        N/A       100%        7
 Discord                  Hex            27%        N/A       100%        8
 Disjunction              Tloc           21%        N/A       100%        8
 Summon Horrible Things   Summ           21%        N/A       100%        8
 Death's Door             Necr           21%        N/A       100%        9
 Dragon's Call            Summ           21%        N/A       100%        9


Dungeon Overview and Level Annotations

Branches:
Dungeon (15/15)            Temple (1/1) D:7            Lair (5/5) D:10
 Shoals (4/4) Lair:2        Snake (4/4) Lair:3        Slime (5/5) Lair:5
    Orc (2/2) D:11            Elf (3/3) Orc:2        Vaults (5/5) D:14
  Crypt (3/3) Vaults:2       Tomb (1/3) Crypt:3      Depths (4/4) D:15
   Hell (visited)             Dis (0/7) Hell            Geh (0/7) Hell
    Coc (7/7) Hell            Tar (0/7) Hell            Zot (5/5) Depths:4
 Bailey (visited)           IceCv (visited)

Altars:
Ashenzari
Cheibriados
Dithmenos
Elyvilon
Fedhas
Gozag
Hepliaklqana
Kikubaaqudgha
Makhleb
Nemelex Xobeh
Okawaru
Qazlal
Ru
Sif Muna
Trog
Uskayaw
Vehumet
Wu Jian
Xom
Yredelemnul
Zin
The Shining One

Shops:
D:3 [   D:10 :   D:12 !   D:15 !   Orc:2 =[*(   Elf:1 (:*   Elf:2 =!
Elf:3 ([=   Shoals:3 [(**   Snake:3 :=:   Vaults:3 [   Depths:1 (*

Portals:
Hell: Depths:1 Depths:2 Depths:3 Depths:4
Abyss: Lair:5 Depths:3 Depths:4
Pandemonium: Depths:2 Depths:3 Depths:4
Ziggurat: Depths:4

Annotations:
D:4 exclusion: upstairs
D:5 exclusion: downstairs


Innate Abilities, Weirdness & Mutations

You are too large for most types of armour.
You have a pair of horns on your head.
You have tough skin. (AC +1)
You gain doubled healing and magic from potions.
Whenever you drink a healing potion, you attack all around you.
You have sharp toenails.
You are very agile. (Dex +8, Str/Int -2)
You possess an exceptional clarity of mind.
Your magical capacity is low. (-10% MP)
You are robust. (+10% HP)
You occasionally lose the ability to drink potions when taking damage.
You expend magic power (3 MP) to strengthen your wands.


Message History

Aiming: Fire Storm (mildly dangerous; 1% risk of failure)
Press: ? - help, Dir - move target, f - neqoxec
Aim: a neqoxec (slow)
A raging storm of fire appears!
The great blast of fire engulfs the neqoxec!!!
You kill the neqoxec!
Vehumet accepts your kill.
You feel your power returning.
There is a stone staircase leading up here.
You start resting.
Magic restored.
You start resting.
An Ice Fiend comes into view.
Casting: Fire Storm (mildly dangerous; 1% risk of failure)
Confirm with . or Enter, or press ? or * to list all spells.
Casting: Plasma Beam (safe; 1% risk of failure)
Press: ? - help, Dir - look around, f - activate You feel a surge of power!
The bolt of lightning hits the Ice Fiend!
The Ice Fiend is lightly wounded.
The fiery plasma hits the Ice Fiend!!!!
The Ice Fiend is burned terribly!
You kill the Ice Fiend!
Vehumet accepts your kill.
You feel your power returning.
You start resting.
Magic restored.
You start resting.
A Kouheloa and a sun demon come into view.
You fly upwards.
There is a stone staircase leading down here.
Casting: Plasma Beam (safe; 1% risk of failure)
Confirm with . or Enter, or press ? or * to list all spells.
Aiming: Passwall (safe; 1% risk of failure)
Press: ? - help, Dir - move target A rock wall.
This square is covered in magical glow.
You begin to meditate on the wall.
You continue meditating on the rock. x2
You finish merging with the rock.
Magic restored.
You have escaped!

# ### #.. #### #.# ...#
#.. ##.##### ####### ##.
#.....# #####.....# #.
#####.###.....###.####
#. #.#...#####@#....# #.
#...### ###.####.### #.
##### #.+.'.##...# ##
###.###.####.#########
#.'#'.+#'.##.........>
###.###.###.###########.
#.+#'.'#+.+#'.# ##.
###.###.###.###.### #..
#.'#'.'#'.'#'.+#'.# #..


There were no monsters in sight!

Vanquished Creatures
  the Royal Jelly (Slime:5)
  6 dread liches
  5 orbs of fire
  3 ancient liches
  The ghost of Qedwod the Pyromancer, a veteran DrFE of Vehumet (Vaults:3)
  5 royal mummies
  14 shard shrikes
  Saint Roka (Vaults:3)
  6 curse toes
  7 Killer Klowns
  Geryon (Hell)
  8 golden dragons
  4 profane servitors
  8 bone dragons
  4 electric golems
  Jorgrun (Snake:3)
  A Brimstone Fiend (D:8)
  21 Ice Fiends
  Zenata (Vaults:1)
  Rupert (Lair:4)
  15 tentacled monstrosities
  A walking divine tome (Depths:2)
  26 Orb Guardians
  11 liches
  2 deep elf blademasters
  4 quicksilver dragons
  13 titans
  2 deep elf master archers
  14 tentacled starspawn
  Polyphemus (Shoals:3)
  2 pandemonium lords (Depths:4)
  A kraken (Shoals:2)
  16 sphinxes
  2 Executioners (Abyss:5)
  A walking frostbound tome (Depths:4)
  8 ancient champions
  22 acid blobs
  8 death cobs
  16 shadow dragons
  4 nagarajas
  4 revenants
  8 tengu reavers
  12 storm dragons
  15 azure jellies
  2 daevas
  5 protean progenitors
  The ghost of jt the Peltast, an adept KoAl of Ashenzari (Shoals:1)
  11 rockslimes
  21 narguns
  7 draconian monks
  6 draconian shifters
  2 draconian knights
  15 fire giants
  23 frost giants
  6 balrugs
  5 iron dragons
  3 deep elf elementalists
  11 deep elf sorcerers
  8 draconian scorchers
  5 ghost moths
  17 vault wardens
  4 curse skulls
  15 shard shrike simulacra
  3 orc warlords
  6 draconian stormcallers
  3 cacodemons
  5 reapers
  7 ironbound thunderhulks
  2 draconian annihilators
  2 juggernaut skeletons (Crypt:3)
  17 ironbound preservers
  The ghost of Axkuoc the Victor of a Thousand Battles, a journeyman FoFi of Okawaru (Lair:5)
  5 ghouls (Crypt:2)
  21 stone giants
  3 spriggan defenders
  9 formless jellyfish
  An angel (Depths:4)
  29 very ugly things
  11 green draconians
  6 caustic shrike skeletons
  10 quicksilver oozes
  3 deep elf demonologists
  10 vampire knights
  An ophan (Abyss:5)
  23 elemental wellsprings
  7 spark wasps
  5 demonspawn black suns
  A spectral titan (Crypt:1)
  24 wendigos
  3 lorocyprocas
  11 deep elf death magi
  13 dire elephants
  7 white draconians
  7 black draconians
  7 war gargoyles
  20 starcursed masses
  Azrael (Elf:1)
  7 red draconians
  7 yellow draconians
  8 purple draconians
  9 deep elf annihilators
  2 green deaths (Depths:1)
  4 eidola
  15 ettins
  4 merfolk javelineers (Shoals:4)
  6 iron golems (Depths:4)
  12 jiangshi
  3 crystal guardians
  5 blizzard demons
  A spectral quicksilver dragon (Crypt:1)
  8 merfolk impalers
  9 mummy priests
  Josephine (Orc:2)
  6 deep elf high priests (Elf:3)
  10 fire dragons
  7 great orbs of eyes
  An entropy weaver (Vaults:1)
  10 yaktaur captains
  A spectral spriggan (Crypt:1)
  3 salamander tyrants
  3 rakshasas
  A spectral fenstrider witch (Crypt:1)
  4 peacekeepers
  36 vault guards
  A fenstrider witch zombie (Crypt:1)
  8 hydras
  A spriggan zombie (Crypt:2)
  9 ice dragons
  12 caustic shrike simulacra
  3 ogre magi (Vaults:5)
  Erica (Lair:1)
  3 catoblepae
  11 centaur warriors
  9 spriggan skeletons
  10 ironbound frosthearts
  A hell beast (Depths:1)
  2 death knights
  The ghost of yokelz the Nimble, a novice TrCA of Ignis (D:9)
  An alligator snapping turtle (Shoals:4)
  A ghost crab (Abyss:5)
  11 juggernaut simulacra
  2 spriggan air magi (Depths:2)
  8 boulder beetles
  6 merfolk avatars
  30 dancing weapons
  A two-headed ogre (shapeshifter) (Elf:3)
  20 naga warriors
  8 merfolk aquamancers
  8 deep troll shamans
  A satyr (Shoals:3)
  7 anacondas
  2 two-headed ogres (D:11)
  7 vampire magi
  13 death yaks
  3 demonic crawlers
  5 hell hogs
  5 death scarabs (Tomb:1)
  A sphinx skeleton (D:15)
  A spectral storm dragon (Vaults:3)
  4 spriggan berserkers
  6 tengu warriors
  A titan zombie (Hell)
  6 orc high priests
  9 naga sharpshooters
  A shock serpent (shapeshifter) (Vaults:5)
  4 storm dragon zombies
  9 shock serpents
  2 spectral nagas (Crypt:1)
  6 sun demons
  A spectral dire elephant (Crypt:1)
  12 deep troll earth magi
  8 hell knights
  17 deep elf knights
  2 occultists
  14 spriggans
  20 thrashing horrors
  7 skysharks
  10 iron trolls
  7 soul eaters
  11 titan skeletons
  Amaemon (Lair:1)
  7 sixfirhies
  5 shadow wraiths
  9 sea snakes
  A bunyip zombie (Abyss:1)
  A cherub (Abyss:5)
  12 wretched stars
  49 skeletal warriors
  24 large abominations
  14 glowing orange brains
  7 quicksilver dragon simulacra
  59 deep trolls
  2 goliath frogs (Zot:3)
  4 salamander mystics
  2 spark wasp zombies
  8 phantasmal warriors
  6 arcanists
  An anaconda zombie (Hell)
  A sea snake (shapeshifter) (Depths:3)
  11 mana vipers
  A mana viper (shapeshifter) (Vaults:5)
  A spectral anaconda (Crypt:1)
  An orb spider (shapeshifter) (Depths:4)
  A spatial maelstrom (Abyss:5)
  A storm dragon skeleton (D:15)
  A shadow demon (Abyss:3)
  2 bunyip skeletons
  2 orb spiders
  6 naga ritualists
  A swamp dragon (shapeshifter) (D:15)
  8 flayed ghosts
  A bog body (Crypt:2)
  A spectral hydra (Crypt:1)
  3 anaconda skeletons
  A fenstrider witch simulacrum (Coc:1)
  15 deep elf archers
  A glowing orange brain (shapeshifter) (Vaults:5)
  Pikel (D:5)
  2 obsidian statues
  A golden dragon skeleton (Crypt:2)
  A harpy (shapeshifter) (D:11)
  8 necromancers
  10 lindwurms
  11 spriggan simulacra
  An alligator zombie (Hell)
  16 harpies
  28 deep elf zephyrmancers
  28 ugly things
  12 orc knights
  39 deep elf pyromancers
  A wolf spider (D:13)
  17 fauns
  16 ironbound convokers
  8 orc sorcerers
  An iron dragon zombie (Crypt:3)
  A tengu skeleton (Crypt:3)
  A shadow dragon skeleton (Crypt:2)
  A spectral fire dragon (Crypt:1)
  A fire giant zombie (Vaults:1)
  A frost giant zombie (Vaults:3)
  An alligator skeleton (Hell)
  A spectral ettin (Crypt:1)
  19 manticores
  Maurice (D:10)
  A will-o-the-wisp (Abyss:2)
  6 cyclopes
  A frost giant skeleton (Vaults:2)
  14 shining eyes
  A worldbinder (Abyss:1)
  16 salamanders
  5 guardian serpents
  6 water nymphs
  24 black mambas
  25 moths of wrath
  4 spectral centaurs
  An eye of devastation (shapeshifter) (Vaults:5)
  11 merfolk sirens
  4 stone giant skeletons
  A manticore (shapeshifter) (Depths:2)
  2 dire elephant zombies (Hell)
  A toenail golem (D:14)
  16 vault sentinels
  2 centaur zombies
  6 ice statues
  2 iron dragon skeletons
  11 titan simulacra
  7 rust devils
  9 elephants
  4 orange demons
  2 gargoyles
  A human skeleton (Vaults:1)
  5 kobold blastminers
  3 apocalypse crabs
  A mana viper zombie (Crypt:1)
  11 smoke demons
  A naga zombie (Hell)
  3 eyes of devastation
  4 molten gargoyles (Hell)
  20 naga magi
  8 centaur skeletons
  3 storm dragon simulacra
  3 hellions
  2 dire elephant skeletons
  2 naga skeletons (Crypt:2)
  A white draconian zombie (Crypt:1)
  A yaktaur (shapeshifter) (D:14)
  A death yak zombie (Crypt:2)
  2 unseen horrors
  4 golden dragon simulacra
  9 cane toads
  2 kobold demonologists (Bailey)
  13 rime drakes
  5 komodo dragons
  A yellow draconian zombie (Crypt:2)
  2 sea snake zombies (Hell)
  6 anaconda simulacra
  A death yak skeleton (Crypt:2)
  10 freezing wraiths
  A yaktaur skeleton (Vaults:2)
  A spectral demonspawn (Crypt:1)
  3 tengu conjurers
  12 ancient zymes
  4 tormentors
  30 yaktaurs
  3 ice devils
  2 purple draconian skeletons (Crypt:1)
  3 spectral harpies (Crypt:1)
  15 polar bears
  16 guardian mummies
  A yaktaur zombie (Vaults:3)
  5 iron giant simulacra
  A yellow draconian skeleton (Crypt:2)
  A red devil (Depths:1)
  A hydra zombie (Hell)
  A queen bee (shapeshifter) (Elf:3)
  2 harpy zombies
  A merfolk (shapeshifter) (Vaults:5)
  A death drake zombie (Crypt:1)
  4 hellwings
  An alligator simulacrum (Hell)
  7 harpy skeletons
  9 hornets
  10 trolls
  8 glass eyes
  24 merfolk
  A snapping turtle (shapeshifter) (Vaults:5)
  6 wind drakes
  6 snapping turtles
  18 blink frogs
  A shadow dragon simulacrum (Crypt:2)
  A meliai zombie (D:9)
  14 raiju
  4 hydra skeletons
  5 stone giant simulacra
  5 iron dragon simulacra
  165 slime creatures
  A black mamba zombie (Crypt:1)
  An air elemental (Abyss:4)
  3 centaur simulacra
  5 ynoxinuls
  Sigmund (D:3)
  5 wyverns
  3 vampires (Vaults:2)
  13 wraiths
  7 ushabtiu (Tomb:1)
  10 fire elementals
  5 dire elephant simulacra
  8 fire bats (Depths:2)
  7 neqoxecs
  4 steam dragons
  6 basilisks
  2 black mamba skeletons (Crypt:2)
  13 water elementals
  60 yaks
  A spriggan (shapeshifter) (D:15)
  A golden eye (shapeshifter) (D:14)
  9 golden eyes
  A human simulacrum (Vaults:2)
  An alligator snapping turtle simulacrum (Coc:2)
  8 wargs
  10 harpy simulacra
  6 chaos spawn
  2 spatial vortices (Abyss:5)
  2 human zombies
  2 hydra simulacra
  4 hell hounds (Elf:1)
  35 nagas
  5 acid dragons
  19 water moccasins
  A demonspawn skeleton (Tomb:1)
  A deep troll skeleton (Crypt:3)
  6 sky beasts
  46 orc warriors
  5 ice beasts
  6 black bears
  6 ogres
  28 laughing skulls
  A manticore zombie (Crypt:2)
  54 wolves
  4 ettin simulacra
  9 boggarts
  2 centaurs
  3 lemures
  A lindwurm skeleton (Crypt:1)
  8 kobold brigands
  Blork the orc (D:5)
  15 weeping skulls
  2 earth elementals
  4 brain worms
  A draconian skeleton (Crypt:3)
  A gnoll sergeant (D:9)
  15 bullfrogs
  7 scorpions
  A naga simulacrum (Coc:4)
  2 necrophages (Crypt:2)
  36 small abominations
  25 wights
  7 killer bees
  A wolf zombie (Crypt:3)
  7 electric eels
  3 howler monkeys
  A raiju skeleton (Crypt:1)
  2 lava snakes (D:13)
  A bombardier beetle (D:7)
  A crimson imp (Abyss:1)
  A quasit (Abyss:3)
  A gnoll bouda (D:5)
  17 jellies
  12 orc priests
  2 hounds
  3 iron imps
  Ijyb (D:5)
  5 iguanas
  25 orc wizards
  Natasha (D:3)
  A killer bee zombie (Crypt:2)
  A tengu zombie (Crypt:1)
  A hound skeleton (Crypt:2)
  6 mummies (Tomb:1)
  17 gnolls
  A howler monkey skeleton (Crypt:3)
  9 adders
  A steam dragon skeleton (Crypt:2)
  3 white imps
  4 ufetubi
  3 dart slugs
  A ribbon worm (D:2)
  77 orcs
  8 bats
  9 endoplasms
  2 giant cockroaches
  17 goblins
  11 hobgoblins
  3 jackals (D:1)
  4 quokkas
  5 ball pythons
  4 frilled lizards
  19 kobolds
  5 rats
  2 aspiring fleshes (Zot:1)
  2 fire vortices
  3 lurking horrors
  15 starspawn tentacles
  2 tentacles (Shoals:2)
3388 creatures vanquished.

Vanquished Creatures (collateral kills)
  Antaeus (Coc:7)
  A dread lich (Zot:5)
  2 Killer Klowns (Zot:5)
  A bone dragon (Zot:1)
  A lich (Abyss:4)
  An Ice Fiend (Coc:7)
  2 Orb Guardians (Zot:5)
  A draconian knight (Zot:4)
  A draconian shifter (Zot:4)
  A black draconian (Zot:4)
  A red draconian (Zot:4)
  2 starcursed masses
  An entropy weaver (Abyss:4)
  2 death yaks (IceCv)
  A moth of wrath (Zot:4)
  A titan simulacrum (Coc:7)
  A small abomination (Abyss:4)
  A yak (IceCv)
  4 harpy simulacra
  6 foxfires
32 creatures vanquished.

Vanquished Creatures (others)
  2 shadow dragons (Vaults:3)
  A war gargoyle (Vaults:3)
  A fire dragon (Abyss:5)
  A juggernaut simulacrum (Coc:4)
  An ice dragon (Abyss:5)
  2 thrashing horrors (Abyss:5)
  3 fire bats (Abyss:5)
  4 chaos spawn (Abyss:5)
  A swamp drake (Abyss:5)
  A quokka (shapeshifter) (D:13)
  4 ball lightnings (Vaults:3)
  418 fire vortices
  1347 foxfires
  18 starspawn tentacles
  2 tentacles (Shoals:2)
1806 creatures vanquished.

Grand Total: 5226 creatures vanquished

Notes
Turn   | Place    | Note
-------+----------+-------------------------------------------
     0 | D:1      | seren the Oni Fire Elementalist began the quest for the
                  | Orb.
     0 | D:1      | Reached XP level 1. HP: 16/16 MP: 3/3
    32 | D:1      | Reached skill level 1 in Conjurations
   189 | D:1      | Reached XP level 2. HP: 24/24 MP: 2/5
   397 | D:1      | You fall into a shaft and drop 1 floor!
   408 | D:2      | Reached XP level 3. HP: 22/31 MP: 0/7
   521 | D:2      | Learned a level 2 spell: Scorch
  1259 | D:1      | Reached skill level 3 in Spellcasting
  1273 | D:1      | Reached XP level 4. HP: 37/39 MP: 1/8
  1408 | D:1      | Learned a level 3 spell: Inner Flame
  2118 | D:3      | Noticed Sigmund
  2333 | D:3      | Found Yjubad's Antique Armour Emporium.
  2339 | D:3      | Bought an embroidered robe for 77 gold pieces
  2465 | D:4      | Noticed a scorpion
  2473 | D:4      | Killed a scorpion
  2474 | D:4      | Reached XP level 5. HP: 42/45 MP: 1/9
  2608 | D:4      | Reached skill level 1 in Hexes
  2627 | D:4      | Noticed an ogre
  2742 | D:4      | Reached XP level 6. HP: 53/53 MP: 7/11
  2848 | D:3      | Learned a level 4 spell: Flame Wave
  3062 | D:4      | Reached XP level 7. HP: 59/59 MP: 7/12
  3275 | D:3      | Noticed Natasha
  3307 | D:5      | Entered Level 5 of the Dungeon
  3368 | D:5      | Reached skill level 4 in Spellcasting
  3434 | D:5      | Noticed Ijyb
  3439 | D:5      | Killed Ijyb
  3521 | D:5      | Noticed Blork the orc
  3536 | D:5      | Killed Blork the orc
  3537 | D:5      | Reached skill level 1 in Fighting
  3603 | D:5      | Reached skill level 5 in Fire Magic
  3603 | D:5      | Reached XP level 8. HP: 51/70 MP: 8/14
  3802 | D:5      | Noticed Pikel
  4000 | D:5      | Killed Pikel
  4001 | D:5      | Reached skill level 1 in Evocations
  4457 | D:6      | Reached skill level 5 in Spellcasting
  4463 | D:6      | Reached XP level 9. HP: 83/83 MP: 11/16
  5426 | D:7      | Found a staircase to the Ecumenical Temple.
  5435 | Temple   | Entered the Ecumenical Temple
  5440 | Temple   | Became a worshipper of Vehumet
  5481 | D:7      | Found a shimmering altar of Xom.
  5482 | D:7      | Found a shimmering altar of Xom.
  5482 | D:7      | Found a shimmering altar of Xom.
  5482 | D:7      | Found a shimmering altar of Xom.
  5482 | D:7      | Found a shimmering altar of Xom.
  5859 | D:7      | Reached skill level 5 in Fighting
  5880 | D:7      | Reached skill level 5 in Dodging
  5880 | D:7      | Reached skill level 6 in Spellcasting
  6121 | D:7      | Reached XP level 10. HP: 96/96 MP: 13/19
  6882 | D:8      | Found a snail-covered altar of Cheibriados.
  7015 | D:8      | Reached * piety under Vehumet
  7015 | D:8      | Offered knowledge of Kiss of Death by Vehumet.
  7520 | D:8      | Reached skill level 5 in Conjurations
  7887 | D:9      | Found a runed translucent gate.
  7887 | D:9      | Found a runed translucent gate.
  7887 | D:9      | Found a runed translucent gate.
  8226 | D:9      | Found a burning altar of Makhleb.
  8293 | D:9      | Found a flagged portal.
  8459 | Bailey   | Entered a bailey
  8468 | Bailey   | Offered knowledge of Mercury Vapours by Vehumet.
  8548 | Bailey   | Reached ** piety under Vehumet
  8561 | Bailey   | Reached skill level 7 in Spellcasting
  8753 | Bailey   | Noticed an orc knight
  8783 | Bailey   | Killed an orc knight
  8784 | Bailey   | Reached XP level 11. HP: 15/109 MP: 18/21
  9204 | Bailey   | Offered knowledge of Frozen Ramparts by Vehumet.
  9407 | Bailey   | Found an iron altar of Okawaru.
  9432 | Bailey   | Reached skill level 8 in Spellcasting
  9432 | Bailey   | Reached skill level 10 in Fire Magic
  9432 | Bailey   | Reached XP level 12. HP: 122/122 MP: 22/24
  9615 | D:9      | Acquired the +2 hat of the Insatiable Wishes {Dex+4}
  9741 | D:9      | Noticed yokelz's ghost (novice TrCA)
  9912 | D:9      | Identified the +0 leather armour of the Equator {*Corrode
                  | rElec rF+++ Int+3}
  9935 | D:9      | Reached *** piety under Vehumet
 10388 | D:10     | Entered Level 10 of the Dungeon
 10492 | D:10     | Noticed Maurice
 10499 | D:10     | Paralysed by Maurice for 5 turns
 10507 | D:10     | Maurice stole a +2 whip of freezing
 10510 | D:10     | Killed Maurice
 10511 | D:10     | Reached skill level 1 in Staves
 10855 | D:10     | Found a staircase to the Lair.
 11030 | D:10     | Offered knowledge of Mephitic Cloud by Vehumet.
 11035 | D:10     | Learned a level 3 spell: Mephitic Cloud
 11187 | D:10     | Found Cuxtiguy's Book Emporium.
 11191 | D:10     | Bought a book of the Dragon for 588 gold pieces
 11197 | D:10     | Learned a level 5 spell: Fireball
 11241 | D:10     | Found a shimmering blue altar of Sif Muna.
 11241 | D:10     | Found a stormy altar of Qazlal.
 11241 | D:10     | Found a white marble altar of Elyvilon.
 11241 | D:10     | Found an ancient bone altar of Kikubaaqudgha.
 11243 | D:10     | Found a sacrificial altar of Ru.
 11243 | D:10     | Found a hazy altar of Hepliaklqana.
 11245 | D:10     | Found an opulent altar of Gozag.
 11245 | D:10     | Found an ornate altar of the Wu Jian Council.
 11245 | D:10     | Found a broken altar of Ashenzari.
 11389 | D:11     | Found a staircase to the Orcish Mines.
 11398 | D:11     | Noticed a two-headed ogre
 11403 | D:11     | Killed a two-headed ogre
 11404 | D:11     | Reached skill level 9 in Spellcasting
 11426 | D:11     | Noticed a two-headed ogre
 11468 | D:10     | Reached skill level 1 in Armour
 11495 | Lair:1   | Entered Level 1 of the Lair of Beasts
 11828 | Lair:1   | Reached XP level 13. HP: 133/133 MP: 21/26
 11849 | Lair:1   | Reached **** piety under Vehumet
 11850 | Lair:1   | Reached skill level 10 in Fighting
 12045 | Lair:1   | Offered knowledge of Olgreb's Toxic Radiance by Vehumet.
 12250 | Lair:1   | Noticed Erica
 12255 | Lair:1   | Killed Erica
 12382 | Lair:1   | Noticed Amaemon
 12398 | Lair:1   | Killed Amaemon
 13449 | Lair:2   | Reached skill level 5 in Evocations
 13668 | Lair:2   | Reached ***** piety under Vehumet
 13694 | Lair:2   | Found a staircase to the Shoals.
 13866 | Lair:2   | Reached skill level 1 in Shields
 13919 | Lair:3   | Offered knowledge of Starburst by Vehumet.
 13929 | Lair:2   | Learned a level 6 spell: Starburst
 14454 | Lair:3   | Found a staircase to the Snake Pit.
 14736 | Lair:4   | Reached skill level 10 in Spellcasting
 14736 | Lair:4   | Reached XP level 14. HP: 146/146 MP: 18/28
 14745 | Lair:4   | Noticed Rupert
 14752 | Lair:4   | Killed Rupert
 15995 | Lair:5   | Entered Level 5 of the Lair of Beasts
 16126 | Lair:5   | Offered knowledge of Conjure Ball Lightning by Vehumet.
 16346 | Lair:5   | Reached skill level 5 in Staves
 16366 | Lair:5   | Paralysed by a hornet for 2 turns
 16426 | Lair:5   | Found a staircase to the Slime Pits.
 16892 | Lair:5   | Found a transporter.
 16901 | Lair:5   | Noticed Axkuoc's ghost (journeyman FoFi)
 16951 | Lair:5   | Found a one-way gate to the infinite horrors of the Abyss.
 16977 | Lair:5   | Found a transporter.
 17288 | Lair:5   | Reached XP level 15. HP: 156/156 MP: 6/29
 18487 | D:3      | Killed Sigmund
 18492 | D:3      | Killed Natasha
 18726 | Orc:1    | Entered Level 1 of the Orcish Mines
 18727 | Orc:1    | Offered knowledge of Yara's Violent Unravelling by Vehumet.
 18752 | Orc:1    | Found a frozen archway.
 18793 | IceCv    | Entered an ice cave
 19239 | IceCv    | Reached skill level 11 in Spellcasting
 19683 | IceCv    | Noticed a frost giant
 19708 | IceCv    | Killed a frost giant
 20196 | Orc:1    | Reached skill level 5 in Stealth
 20250 | Orc:1    | Found a bloodstained altar of Trog.
 20463 | Orc:1    | Noticed an orc warlord
 20480 | Orc:1    | Offered knowledge of Plasma Beam by Vehumet.
 20589 | Orc:1    | Learned a level 6 spell: Plasma Beam
 20883 | Orc:1    | Paralysed by an orc sorcerer for 3 turns
 20889 | Orc:2    | Entered Level 2 of the Orcish Mines
 20917 | Orc:1    | Killed an orc warlord
 20918 | Orc:1    | Reached skill level 1 in Air Magic
 21129 | Orc:2    | Noticed Josephine
 21436 | Orc:1    | Reached skill level 5 in Shields
 21470 | Orc:2    | Noticed an orc warlord
 21482 | Orc:2    | Killed an orc warlord
 21484 | Orc:2    | Killed Josephine
 21574 | Orc:2    | Found Touraw's Jewellery Emporium.
 21737 | Orc:2    | Found a staircase to the Elven Halls.
 21789 | Orc:2    | Found Tuofe's Antique Armour Boutique.
 21873 | Orc:2    | Found Zeas Olu's Antique Weapon Emporium.
 21902 | Orc:2    | Noticed an orc warlord
 21907 | Orc:2    | Killed an orc warlord
 21908 | Orc:2    | Reached XP level 16. HP: 162/169 MP: 15/31
 22101 | Orc:2    | Found Orphu's General Store.
 22225 | Orc:2    | Bought the amulet "Qigato" {RegenMP rPois rCorr Int+2 SInv}
                  | for 772 gold pieces
 22276 | Orc:2    | Bought a scroll of identify for 24 gold pieces
 22711 | Orc:2    | Bought the ring "Lunonol" {Wiz Will+ Dex+4} for 714 gold
                  | pieces
 22936 | Snake:1  | Entered Level 1 of the Snake Pit
 22943 | Lair:3   | Reached ****** piety under Vehumet
 23527 | Snake:1  | Reached skill level 10 in Dodging
 24108 | Snake:1  | Found an ornate altar of the Wu Jian Council.
 24217 | Snake:1  | Offered knowledge of Lee's Rapid Deconstruction by Vehumet.
 25676 | Snake:2  | Reached skill level 5 in Air Magic
 26209 | Snake:2  | Reached skill level 10 in Conjurations
 26595 | Snake:1  | Reached skill level 12 in Spellcasting
 26842 | Snake:3  | Noticed a nagaraja
 26872 | Snake:3  | Killed a nagaraja
 27054 | Snake:3  | Noticed Jorgrun
 27526 | Snake:3  | Found Huuwuod's Book Shoppe.
 27526 | Snake:3  | Found Ycunia Lefe's Jewellery Shop.
 27527 | Snake:3  | Found Orchosch's Book Shoppe.
 27831 | Snake:3  | Killed Jorgrun
 28046 | Snake:4  | Entered Level 4 of the Snake Pit
 28089 | Snake:4  | Noticed a nagaraja
 28233 | Snake:4  | Killed a nagaraja
 28368 | Snake:4  | Noticed a nagaraja
 28524 | Snake:4  | Reached XP level 17. HP: 179/179 MP: 27/33
 29250 | Snake:4  | Offered knowledge of Eringya's Noxious Bog by Vehumet.
 29288 | Snake:4  | Learned a level 7 spell: Orb of Destruction
 30515 | Snake:4  | Got a serpentine rune of Zot
 31356 | D:12     | Found Engosk's Distillery.
 31362 | D:12     | Bought a potion of heal wounds for 65 gold pieces
 31362 | D:12     | Bought a potion of haste for 130 gold pieces
 32217 | D:13     | Offered knowledge of Maxwell's Capacitive Coupling by
                  | Vehumet.
 33271 | D:14     | Reached XP level 18. HP: 192/192 MP: 26/34
 33308 | D:14     | Reached skill level 13 in Spellcasting
 33537 | D:14     | Reached skill level 15 in Fighting
 33724 | D:14     | Found a gate to the Vaults.
 34128 | D:14     | Got Savinusm's Atlas of Conjuration
 34320 | D:15     | Entered Level 15 of the Dungeon
 34776 | D:15     | Found a staircase to the Depths.
 34931 | D:15     | Offered knowledge of Fire Storm by Vehumet.
 34931 | D:15     | Offered knowledge of Shatter by Vehumet.
 34931 | D:15     | Offered knowledge of Ignition by Vehumet.
 35201 | D:15     | Found Qaq Cuar's Distillery.
 35230 | D:15     | Bought a potion of heal wounds for 55 gold pieces
 35230 | D:15     | Bought a potion of heal wounds for 55 gold pieces
 35563 | Shoals:1 | Entered Level 1 of the Shoals
 35581 | Shoals:1 | Found a runed translucent gate.
 35582 | Shoals:1 | Found a runed translucent gate.
 35583 | Shoals:1 | Found a runed translucent gate.
 35589 | Shoals:1 | Noticed jt's ghost (adept KoAl)
 36010 | Shoals:1 | Reached skill level 5 in Armour
 37293 | Shoals:3 | Reached skill level 10 in Staves
 37300 | Shoals:3 | Reached skill level 10 in Shields
 37647 | Shoals:3 | Noticed Polyphemus
 37673 | Shoals:3 | Killed Polyphemus
 37825 | Shoals:3 | Reached XP level 19. HP: 201/201 MP: 24/36
 38066 | Shoals:3 | Reached skill level 14 in Spellcasting
 38082 | Shoals:3 | Reached skill level 15 in Fire Magic
 38199 | Shoals:3 | Found Ovyifarph's Visitors' Centre.
 38245 | Shoals:3 | Found Ovyifarph's Merfolk Armours.
 38245 | Shoals:3 | Found Ovyifarph's Merfolk Weapons.
 38267 | Shoals:3 | Bought 2 throwing nets for 84 gold pieces
 38475 | Shoals:4 | Entered Level 4 of the Shoals
 38830 | Shoals:4 | Identified the +0 scimitar of the Breathing Sybil {heavy,
                  | Str+2}
 39446 | Shoals:4 | Got a barnacled rune of Zot
 39565 | Shoals:4 | Identified the +1 hand axe of Xegenid {drain, rElec}
 40136 | Vaults:1 | Entered Level 1 of the Vaults
 40518 | Vaults:1 | Noticed Zenata
 41448 | Vaults:1 | Reached skill level 15 in Spellcasting
 42617 | Vaults:1 | Reached XP level 20. HP: 202/210 MP: 29/39
 43559 | Vaults:1 | Killed Zenata
 43560 | Vaults:1 | Reached skill level 16 in Spellcasting
 44602 | Vaults:2 | Found a staircase to the Crypt.
 44970 | Vaults:3 | Noticed Saint Roka
 44974 | Vaults:3 | Killed Saint Roka
 45722 | Vaults:3 | Found Pejuemmaukh's Antique Armour Boutique.
 46528 | Vaults:3 | Noticed an ancient lich
 46533 | Vaults:3 | Noticed Qedwod's ghost (veteran DrFE)
 46548 | Vaults:3 | Found a transporter.
 46552 | Vaults:3 | Found a transporter.
 47156 | Vaults:4 | Reached XP level 21. HP: 223/223 MP: 26/41
 47268 | Vaults:4 | Reached skill level 17 in Spellcasting
 48992 | Elf:1    | Entered Level 1 of the Elven Halls
 49447 | Elf:1    | Noticed Azrael
 49463 | Elf:1    | Killed Azrael
 49891 | Elf:1    | Reached skill level 1 in Throwing
 50451 | Elf:1    | Found Ysout's Assorted Antiques.
 50454 | Elf:1    | Found Vasty's Book Shoppe.
 50454 | Elf:1    | Found Zieleph's Antique Weapon Emporium.
 50459 | Elf:1    | Bought a potion of curing for 123 gold pieces
 50459 | Elf:1    | Found Vori's Magic Scroll Emporium.
 50838 | Elf:2    | Reached skill level 18 in Spellcasting
 51745 | Elf:2    | Found Uvviuppi's Distillery.
 51760 | Elf:2    | Bought a potion of heal wounds for 60 gold pieces
 51760 | Elf:2    | Bought a potion of magic for 96 gold pieces
 51760 | Elf:2    | Bought a potion of heal wounds for 60 gold pieces
 51760 | Elf:2    | Bought 2 potions of curing for 72 gold pieces
 52015 | Elf:2    | Found Wuloel's Jewellery Shop.
 52125 | Elf:2    | Found a huge runed translucent gate.
 52125 | Elf:2    | Found a huge runed translucent gate.
 52125 | Elf:2    | Found a huge runed translucent gate.
 52131 | Elf:2    | Found a huge runed translucent gate.
 52131 | Elf:2    | Found a huge runed translucent gate.
 52253 | Elf:3    | Entered Level 3 of the Elven Halls
 52255 | Elf:3    | Identified the +5 longbow "Difuxa" {heavy, rC+ Str+5
                  | Stlth+}
 52406 | Elf:3    | Found Wetyc's Jewellery Shoppe.
 52409 | Elf:3    | Found Zifiog's Antique Armour Emporium.
 52411 | Elf:3    | Found Ginat's Weapon Shoppe.
 52442 | Elf:3    | Reached XP level 22. HP: 236/236 MP: 15/44
 52547 | Elf:3    | Reached skill level 15 in Conjurations
 52777 | Elf:3    | Identified the +0 ring mail of Cafuac {rElec rF+ Dex+2}
 53684 | Elf:3    | Identified the +9 bardiche of the Growing Sybil {holy,
                  | +Blink rN+ rCorr}
 53684 | Elf:3    | Identified the +6 hand axe "Ecvereuk" {vamp, Will++}
 53684 | Elf:3    | Identified the +0 robe "Jezaez" {rPois}
 54054 | Elf:3    | Reached skill level 5 in Throwing
 54474 | Elf:3    | Identified the +4 long sword "Killer Bee's Death" {flame,
                  | rN+ rCorr Dex-3 Stlth+}
 54518 | Elf:3    | Identified the staff "Norokies" {Str-2 Stlth+ Conj Summ
                  | Earth}
 55138 | Shoals:1 | Killed jt's ghost
 55162 | Shoals:1 | Identified the ring of Pessimism {Int+3 Slay+4}
 55298 | D:9      | Killed yokelz's ghost
 55446 | Lair:5   | Killed Axkuoc's ghost
 55671 | Slime:1  | Entered Level 1 of the Pits of Slime
 55822 | Slime:1  | Learned a level 8 spell: Ignition
 56323 | Slime:2  | Gained mutation: Your magical capacity is low. (-10% MP) [a
                  | shining eye]
 56324 | Slime:2  | Gained mutation: You are occasionally teleported next to
                  | monsters. [a shining eye]
 56327 | Slime:1  | Lost mutation: Your magical capacity is low. (-10% MP)
                  | [potion of mutation]
 56327 | Slime:1  | Lost mutation: You are occasionally teleported next to
                  | monsters. [potion of mutation]
 56327 | Slime:1  | Gained mutation: Your body sometimes deteriorates upon
                  | taking damage. [potion of mutation]
 56327 | Slime:1  | Gained mutation: You are partially covered in iridescent
                  | scales. (AC +2) [potion of mutation]
 56327 | Slime:1  | Gained mutation: Your spells are a little harder to cast,
                  | but a little more powerful. [potion of mutation]
 56327 | Slime:1  | Gained mutation: You have very sharp teeth. [potion of
                  | mutation]
 56608 | Slime:2  | Gained mutation: You do not regenerate when monsters are
                  | visible. [a shining eye]
 56609 | Slime:2  | Gained mutation: Your magical capacity is low. (-10% MP) [a
                  | shining eye]
 56624 | Slime:1  | Lost mutation: You have very sharp teeth. [potion of
                  | mutation]
 56624 | Slime:1  | Lost mutation: You do not regenerate when monsters are
                  | visible. [potion of mutation]
 56624 | Slime:1  | Lost mutation: Your spells are a little harder to cast, but
                  | a little more powerful. [potion of mutation]
 56624 | Slime:1  | Gained mutation: Your health recovers twice as slowly from
                  | being drained. [potion of mutation]
 56624 | Slime:1  | Gained mutation: You are robust. (+10% HP) [potion of
                  | mutation]
 57268 | Slime:3  | Gained mutation: Your magical capacity is very low. (-20%
                  | MP) [a shining eye]
 57272 | Slime:3  | Lost mutation: Your health recovers twice as slowly from
                  | being drained. [potion of mutation]
 57272 | Slime:3  | Lost mutation: You are partially covered in iridescent
                  | scales. (AC +2) [potion of mutation]
 57272 | Slime:3  | Gained mutation: Your body often deteriorates upon taking
                  | damage. [potion of mutation]
 57272 | Slime:3  | Gained mutation: You have large cloven feet. [potion of
                  | mutation]
 57467 | Slime:4  | Paralysed by a formless jellyfish for 1 turns
 57894 | Slime:5  | Entered Level 5 of the Pits of Slime
 57914 | Slime:5  | Reached XP level 23. HP: 271/271 MP: 17/36
 58419 | Slime:5  | Gained mutation: Armour fits poorly on your strangely
                  | shaped body. [a shining eye]
 58420 | Slime:5  | Noticed the Royal Jelly
 58423 | Slime:5  | Killed the Royal Jelly
 58425 | Slime:5  | Paralysed by a formless jellyfish for 1 turns
 58963 | Slime:5  | Found the +8 longbow "Zephyr" {speed, Dex+3 SInv}
 59023 | Slime:5  | Identified the +1 flail of Judgement {drain, rC+}
 59042 | Slime:5  | Got a slimy rune of Zot
 59043 | Slime:5  | Identified the +7 dire flail "Lifebane" {freeze, Str+2}
 59058 | Slime:5  | Identified the staff of the Summoning Wasp {rElec Str-5
                  | Dex+6 Air}
 59109 | Slime:5  | Identified the +8 scimitar of Brutal Revenge {flame, *Rage
                  | Str+6 Int+5}
 59161 | Slime:5  | Identified the +8 plate armour of the Unbroken {Dex+5}
 59164 | Slime:5  | Identified the +4 glaive "Joydiy" {antimagic, +Blink rCorr
                  | Stlth+}
 59187 | Slime:5  | Identified the +9 orcbow "Ofiraepp" {drain, *Slow rF+ rN+
                  | Dex+3}
 59378 | Slime:5  | Lost mutation: Armour fits poorly on your strangely shaped
                  | body. [potion of mutation]
 59378 | Slime:5  | Lost mutation: Your body often deteriorates upon taking
                  | damage. [potion of mutation]
 59378 | Slime:5  | Gained mutation: You possess an exceptional clarity of
                  | mind. [potion of mutation]
 59378 | Slime:5  | Lost mutation: Your body sometimes deteriorates upon taking
                  | damage. [potion of mutation]
 59378 | Slime:5  | Gained mutation: You expend magic power (3 MP) to
                  | strengthen your wands. [potion of mutation]
 59747 | Shoals:3 | Bought a scroll of teleportation for 300 gold pieces
 59984 | Orc:2    | Bought a potion of experience for 600 gold pieces
 59984 | Orc:2    | Reached skill level 19 in Spellcasting
 59984 | Orc:2    | Reached XP level 24. HP: 281/281 MP: 36/36
 61003 | Depths:1 | Entered Level 1 of the Depths
 61003 | Depths:1 | Found Lyewyllu's Weapon Shop.
 62013 | Depths:1 | Found Beprap's CLEARANCE SALE!.
 62020 | Depths:1 | Bought 3 scrolls of teleportation for 63 gold pieces
 62248 | Depths:1 | Found a sparkling altar of Nemelex Xobeh.
 62366 | Depths:1 | Found a gateway to Hell.
 63142 | Depths:2 | Reached skill level 20 in Spellcasting
 63609 | Depths:2 | Reached XP level 25. HP: 291/291 MP: 27/37
 65298 | Depths:2 | Found a one-way gate leading to the halls of Pandemonium.
 67081 | Depths:3 | Identified the +6 dagger "Ivoletun" {spect, rPois rF-
                  | Str+2}
 67517 | Depths:4 | Entered Level 4 of the Depths
 67581 | Depths:4 | Upgraded the game from 0.32-a0-41-gec2d92a32c to
                  | 0.32-a0-42-ga30500b4d3
 68285 | Depths:4 | Found a one-way gateway to a ziggurat.
 68362 | Depths:4 | Found a gate to the Realm of Zot.
 68510 | Depths:4 | Identified the +3 scale mail of Demmedd {Rampage rF+}
 68596 | Depths:4 | Reached XP level 26. HP: 284/306 MP: 15/38
 69046 | Crypt:1  | Entered Level 1 of the Crypt
 70574 | Crypt:1  | Noticed a royal mummy
 70583 | Crypt:1  | Killed a royal mummy
 70805 | Vaults:2 | Learned a level 5 spell: Lee's Rapid Deconstruction
 71065 | Crypt:2  | Reached skill level 1 in Earth Magic
 71331 | Crypt:2  | Learned a level 1 spell: Apportation
 71771 | Crypt:2  | Reached skill level 21 in Spellcasting
 72029 | Crypt:2  | Acquired the ring of the Centipede {Fly rN+ Int+6 Dex+6
                  | Stlth-}
 72094 | Crypt:2  | Identified the +9 shortbow of Biskuirph {drain, rElec rF-
                  | Int+3 Stlth+}
 72504 | Crypt:2  | Identified the +5 glaive of Intense Integrity {heavy, rPois
                  | rCorr Str-3}
 72560 | Crypt:3  | Entered Level 3 of the Crypt
 72773 | Crypt:3  | Found a staircase to the Tomb.
 73118 | Crypt:3  | Reached skill level 5 in Earth Magic
 73639 | Crypt:3  | Got Kikubaaqudgha's Grimoire of Skeletons
 73845 | Crypt:3  | Learned a level 9 spell: Fire Storm
 73971 | Crypt:3  | Reached XP level 27. HP: 247/320 MP: 20/38
 74107 | Crypt:3  | Noticed a dread lich
 74115 | Crypt:3  | Killed a dread lich
 74402 | Crypt:3  | Identified the +0 fire dragon scales "Imuast" {+Blink rPois
                  | rF++ rC- Str+3}
 75236 | D:12     | Bought a potion of resistance for 130 gold pieces
 75236 | D:12     | Bought a potion of invisibility for 104 gold pieces
 76855 | Vaults:5 | Entered Level 5 of the Vaults
 76998 | Vaults:5 | Noticed a dread lich
 77162 | Vaults:5 | Noticed an ancient lich
 77293 | Vaults:5 | Identified the +9 dagger "Tintidd" {freeze, rF+}
 77294 | Vaults:5 | Killed a dread lich
 77294 | Vaults:5 | Identified the +5 quarterstaff "Loluqiu" {heavy, *Rage
                  | rElec rCorr Str-4}
 77296 | Vaults:5 | Killed an ancient lich
 77839 | Vaults:5 | Reached skill level 10 in Throwing
 78046 | Vaults:5 | Identified the ring "Ipron" {*Corrode rN+ Str+3 Int+2}
 78271 | Vaults:5 | Identified the ring "Muozipt" {rF+ rC+ rCorr Str+3}
 78287 | Vaults:5 | Reached skill level 10 in Armour
 78449 | Vaults:5 | Identified the +2 pair of gloves of Logufiam {Fly rPois}
 78598 | Vaults:5 | Acquired 876 gold pieces
 78628 | Vaults:5 | Identified the +11 dagger "Yddexeuq" {freeze, Will+}
 78650 | Vaults:5 | Got Nuoxozang's Tome of Summoned Mud
 78925 | Vaults:5 | Got a silver rune of Zot
 78930 | Vaults:5 | Learned a level 3 spell: Passwall
 79576 | Vaults:3 | Reached skill level 22 in Spellcasting
 79738 | Vaults:3 | Killed an ancient lich
 79746 | Vaults:3 | Killed Qedwod's ghost
 80142 | Zot:1    | Entered Level 1 of the Realm of Zot
 80478 | Zot:1    | Noticed Parghit
 81637 | Zot:1    | Parghit changed into Parghit the shard shrike
 81637 | Zot:1    | Noticed Parghit
 81960 | Zot:1    | Killed Parghit the shard shrike
 82128 | Zot:1    | Noticed an orb of fire
 82138 | Zot:1    | Killed an orb of fire
 82414 | Zot:1    | Identified the +4 sling "Eraob" {drain, rPois Str+4}
 82415 | Zot:1    | Got the Incunabulum of The Black Sun
 84042 | Zot:1    | Noticed a dread lich
 84047 | Zot:1    | Killed a dread lich
 85835 | Zot:1    | Learned a level 2 spell: Blink
 85851 | Zot:1    | Learned a level 3 spell: Swiftness
 85932 | Zot:2    | Reached skill level 15 in Shields
 86011 | Zot:2    | Gained mutation: Armour fits poorly on your strangely
                  | shaped body. [a shining eye]
 87737 | Zot:2    | Identified the +1 double sword of Resumed Hostilities
                  | {flame, rCorr}
 91286 | Zot:5    | Entered Level 5 of the Realm of Zot
 91814 | Zot:5    | Noticed an orb of fire
 91819 | Zot:5    | Killed an orb of fire
 91878 | Zot:5    | Noticed a dread lich
 91880 | Zot:5    | Killed a dread lich
 91881 | Zot:5    | Reached skill level 23 in Spellcasting
 92236 | Zot:5    | Noticed a dread lich
 92238 | Zot:5    | Killed a dread lich
 92383 | Zot:5    | Noticed an orb of fire
 92393 | Zot:5    | Killed an orb of fire
 92566 | Zot:5    | Noticed an ancient lich
 92573 | Zot:5    | Killed an ancient lich
 93036 | Zot:5    | Noticed an orb of fire
 93046 | Zot:5    | Gained mutation: Your body sometimes deteriorates upon
                  | taking damage. [an orb of fire]
 93066 | Zot:5    | Killed an orb of fire
 93512 | Zot:5    | Noticed an orb of fire
 93513 | Zot:5    | Noticed a dread lich
 93564 | Zot:5    | Killed a dread lich
 93671 | Zot:5    | Gained mutation: You occasionally lose the ability to drink
                  | potions when taking damage. [an orb of fire]
 93673 | Zot:5    | Killed an orb of fire
 94029 | Zot:5    | Lost mutation: You are robust. (+10% HP) [potion of
                  | mutation]
 94029 | Zot:5    | Lost mutation: Armour fits poorly on your strangely shaped
                  | body. [potion of mutation]
 94029 | Zot:5    | Lost mutation: You have large cloven feet. [potion of
                  | mutation]
 94029 | Zot:5    | Gained mutation: You are robust. (+10% HP) [potion of
                  | mutation]
 94030 | Zot:5    | Lost mutation: Your body sometimes deteriorates upon taking
                  | damage. [potion of mutation]
 94030 | Zot:5    | Lost mutation: Your magical capacity is very low. (-20% MP)
                  | [potion of mutation]
 94030 | Zot:5    | Gained mutation: You have sharp toenails. [potion of
                  | mutation]
 94030 | Zot:5    | Gained mutation: You have a pair of horns on your head.
                  | [potion of mutation]
 94030 | Zot:5    | Gained mutation: You are agile. (Dex +4, Str/Int -1)
                  | [potion of mutation]
 94030 | Zot:5    | Gained mutation: You are very agile. (Dex +8, Str/Int -2)
                  | [potion of mutation]
 94188 | Hell     | Entered the Vestibule of Hell
 94188 | Hell     | Noticed Geryon
 94192 | Hell     | Killed Geryon
 94288 | Hell     | Reached skill level 10 in Evocations
 95582 | Hell     | Found a gateway to the freezing wastes of Cocytus.
 95777 | Hell     | Found a gateway to the decaying netherworld of Tartarus.
 96048 | Hell     | Found a gateway to the ashen valley of Gehenna.
 96138 | Hell     | Found a gateway to the Iron City of Dis.
 96584 | Coc:1    | Entered Level 1 of Cocytus
 96651 | Coc:2    | Reached skill level 24 in Spellcasting
 96949 | Coc:4    | Paralysed by a wendigo for 1 turns
 97021 | Coc:5    | Paralysed by a wendigo for 1 turns
 97606 | Tomb:1   | Entered Level 1 of the Tomb of the Ancients
 97750 | Tomb:1   | Reached skill level 25 in Spellcasting
 98386 | Tomb:1   | Noticed a royal mummy
 98391 | Tomb:1   | Killed a royal mummy
 98436 | Tomb:1   | Noticed a royal mummy
 98444 | Tomb:1   | Killed a royal mummy
 98452 | Tomb:1   | Noticed a royal mummy
 98458 | Tomb:1   | Noticed a royal mummy
 98459 | Tomb:1   | Killed a royal mummy
 98470 | Tomb:1   | Killed a royal mummy
100309 | Coc:6    | Paralysed by a wendigo for 1 turns
100503 | Coc:6    | Paralysed by a wendigo for 1 turns
100591 | Coc:7    | Entered Level 7 of Cocytus
100852 | Coc:7    | Reached skill level 26 in Spellcasting
100949 | Coc:7    | Paralysed by a wendigo for 1 turns
101432 | Coc:7    | Identified the +8 glaive "Impslayer" {heavy, Fly rN+}
101432 | Coc:7    | Identified the ring "Feiky" {rN+ rCorr Dex+3}
101432 | Coc:7    | Noticed Antaeus
101482 | Coc:7    | Killed Antaeus
101839 | Coc:7    | Identified the +5 spear of the Singing Gnat {drain, rC+
                  | Str+2 Int+2}
101846 | Coc:7    | Got an icy rune of Zot
102180 | Coc:7    | Identified the staff of the People {^Fragile rPois rN+
                  | Str+2 Alchemy}
102688 | Depths:4 | Voluntarily entered the Abyss.
103345 | Depths:4 | Escaped the Abyss
103417 | Depths:4 | Voluntarily entered the Abyss.
103518 | Depths:4 | Escaped the Abyss
103563 | Depths:4 | Voluntarily entered the Abyss.
103863 | Abyss:4  | Found a corrupted altar of Lugonu.
103904 | Abyss:4  | Reached skill level 27 in Spellcasting
103909 | Depths:4 | Escaped the Abyss
103952 | Depths:4 | Voluntarily entered the Abyss.
104190 | Abyss:4  | Noticed a dread lich
104197 | Abyss:4  | Killed a dread lich
104249 | Depths:4 | Escaped the Abyss
104305 | Depths:4 | Voluntarily entered the Abyss.
104427 | Abyss:5  | Found a corrupted altar of Lugonu.
104512 | Depths:4 | Escaped the Abyss
104760 | Depths:4 | Voluntarily entered the Abyss.
104850 | Depths:4 | Escaped the Abyss
105030 | Depths:4 | Voluntarily entered the Abyss.
105033 | Abyss:5  | Found a corrupted altar of Lugonu.
105175 | Depths:4 | Escaped the Abyss
105369 | Depths:4 | Voluntarily entered the Abyss.
105665 | Abyss:5  | Noticed a dread lich
105675 | Depths:4 | Escaped the Abyss
106546 | Zot:5    | Got the Orb of Zot
106725 | Depths:4 | Noticed Ragadd the pandemonium lord
106727 | Depths:4 | Killed Ragadd the pandemonium lord
106750 | Depths:4 | Noticed Ublaoky the pandemonium lord
106753 | Depths:4 | Killed Ublaoky the pandemonium lord
107445 | D:2      | Noticed Kouheloa the pandemonium lord
107477 | D:$      | Escaped with the Orb!

Illustrated notes

Levels and vault maps discovered:
D:1:      erik_arrival_triangle_huge, layout_basic
D:2:      layout_rooms, minmay_between
D:3:      layout_basic, serial_shops, shop, uniq_natasha, uniq_sigmund
D:4:      layout_cave_pools
D:5:      layout_rooms, grunt_ministairs_1, hangedman_decor_slide_cut,
          uniq_pikel, uniq_blork_the_orc, uniq_ijyb
D:6:      layout_loops_ring, st_stairs_14
D:7:      layout_loops_corners, xom_shifter_show, minmay_temple_entry_waves
D:8:      layout_basic, mainiacjoe_overflow_chevrons, kennysheep_kite_vault
D:9:      layout_loops_ring, bloody_makhleb, gammafunk_ghost_necromancy,
          enter_bailey_5
D:10:     layout_cave_pools, nicolae_overflows_in_rows, hellmonk_lair_entry_icy,
          serial_shops, kennysheep_mini_moat, uniq_maurice
D:11:     layout_roguey, orc_0_dummy
D:12:     layout_loops_corners, serial_shops, shop
D:13:     layout_gridville, kennysheep_dice
D:14:     kennysheep_green_arena, layout_grid_maze,
          hangedman_vaults_entry_quadrant_bands, serial_co_window_serial,
          co_window_of_opportunity_a, co_window_corner_a, co_window_corner_a,
          co_window_corner_a, co_window_paths_a, co_window_paths_a,
          co_window_broadway_b, co_window_corner_ca, co_window_broadway_c,
          co_window_corner_b, co_window_unsneaky_path_b, glass_columns_a,
          glass_columns_c, glass_columns_b
D:15:     gammafunk_depths_entry_grave, layout_basic,
          wad_floor_pattern_untrapped, nicolae_wooded_promenade
Temple:   hellmonk_temple_micro_hex
Lair:1:   layout_loops_ring, bh_autumn_forest_stairs, grunt_megastairs_1,
          uniq_erica, uniq_amaemon
Lair:2:   layout_gridlike, nicolae_shoals_entry_roost, lemuel_fruit_tree
Lair:3:   layout_cave_shapes, nicolae_snake_entry_squirm,
          chequers_serial_rivers_small_3, serial_bayou_shore_b,
          grunt_megastairs_4
Lair:4:   layout_regular_city, uniq_rupert
Lair:5:   minmay_lair_end_enchanted_forest, layout_cave_pods,
          minmay_slime_entry_jelly_boxes, gammafunk_ghost_abyssal_escape
Shoals:1: layout_shoals, gammafunk_ghost_split
Shoals:2: layout_shoals
Shoals:3: nicolae_shoals_mermall, layout_shoals, nicolae_shoals_aquamancer_cove,
          uniq_polyphemus
Shoals:4: shoals_end_hangedman, layout_shoals
Snake:1:  layout_onion_interference, basic_altar, nicolae_snake_lava_pool
Snake:2:  layout_layer_cave, nicolae_snake_gridmaze_zigzag, drop_trap
Snake:3:  layout_basic, minmay_shop_grove, serial_bayou_shore_b, uniq_jorgrun
Snake:4:  snake_pit, layout_misc_corridors
Slime:1:  nicolae_slime_infinislime, layout_caves,
          nicolae_slime_getting_an_eyeful
Slime:2:  layout_caves
Slime:3:  layout_caves, nicolae_slime_ancient_tower_intersection
Slime:4:  layout_caves
Slime:5:  slime_pit_nicolae_amoeboid
Orc:1:    layout_diamond_mine, portal_ice_cave_rime, basic_altar, elf_legates
Orc:2:    grunt_orc_gardens, layout_caves, grunt_orc_garden, grunt_orc_garden,
          grunt_orc_garden, grunt_orc_garden, uniq_josephine
Elf:1:    eino_elf_arrival_customs, layout_loops_ring, minivault_28,
          lemuel_statue_altar, minmay_shoptagon, uniq_azrael
Elf:2:    elven_hall_of_blades_hangedman_alternative [mumra_blade_entry_dagger],
          layout_onion_city, serial_shops, nicolae_shop_tiny_statue_garden,
          nicolae_shop_peninsula, nicolae_elf_martial_mastery
Elf:3:    minmay_elf_hall_x, layout_geoelf_castle, minivault_20,
          minmay_shop_star
Vaults:1: nicolae_vaults_network_quinsquares
          [nicolae_vaults_network_quincunx_subvault,
          nicolae_vaults_network_quincunx_subvault,
          nicolae_vaults_network_quincunx_subvault,
          nicolae_vaults_network_quincunx_subvault], nicolae_vaults_trapezoid_4,
          vaults_room_hangedman_quadrants, v_pattern_5, v_misc_30,
          nicolae_vaults_little_squares_4, nicolae_vaults_network_periphery,
          nicolae_vaults_tetromino_Z_1, vaults_dpeg_encased_lava,
          hangedman_vaults_slice, nicolae_vaults_little_ls,
          nicolae_vaults_stepped_doors, layout_vaults_chaotic_city, uniq_zenata
Vaults:2: nicolae_vaults_security_offices_1, minmay_crypt_entry_vampire_xt,
          hangedman_vaults_slice, ontoclasm_vaults_ring_square,
          nicolae_vaults_theta, vaults_room_boxed, vaults_room_octagon,
          hangedman_vaults_hat, v_misc_27, nicolae_vaults_tetromino_L_2,
          nicolae_vaults_wine_cellar, nicolae_vaults_storage_room_glass,
          v_misc_26, nicolae_vaults_little_squares_4, vaults_room_hallway,
          layout_vaults_ring
Vaults:3: gammafunk_ghost_mausoleum, hangedman_vaults_maws,
          ontoclasm_vaults_eye, grunt_vaults_swirl, vaults_room_hallway,
          v_misc_13, nicolae_vaults_theta, v_misc_13,
          nicolae_vaults_little_guard_posts, nicolae_vaults_weapon_check,
          grunt_vaults_hallway_short, layout_vaults_omnigrid, serial_shops,
          nicolae_shop_overgrown_old_shop, uniq_saint_roka
Vaults:4: hangedman_vaults_stitches, v_rooms_3, v_rooms_1, v_pattern_2,
          vaults_room_large_hall, dpeg_vaults_monster_box, vaults_dpeg_cross,
          ontoclasm_vaults_fault, nicolae_vaults_oval_intersection,
          nicolae_vaults_little_squares_3, vaults_mumra_chevron_long, v_misc_24,
          vaults_mumra_minichess_inversion, nicolae_vaults_specimen_jars,
          layout_vaults_maze_bifur
Vaults:5: serial_shops
Crypt:1:  lemuel_minitomb, layout_misc_corridors
Crypt:2:  minmay_skeleton_keep, layout_basic
Crypt:3:  due_elkab, layout_chaotic_city
Tomb:1
Depths:1: layout_cave_shapes, serial_shops, nicolae_shop_bloodbath_and_beyond,
          lemuel_round_altar, grunt_hell_entry_demonic_statue,
          nicolae_shop_clearance
Depths:2: kennysheep_large_vault, layout_cave_pools, kennysheep_crisscross,
          grunt_pan_entry_zigzag, pf_coc_iceberg, columned_hall_lemuel,
          roderic_serpentine_path
Depths:3: minmay_the_grid_four_pointed_star
          [minmay_the_grid_triangle_9x9_windchime,
          minmay_the_grid_triangle_9x9_zippers_horizontal,
          minmay_the_grid_triangle_9x9_longest,
          minmay_the_grid_triangle_9x9_skeleton,
          minmay_the_grid_prize_four_corners], layout_basic,
          nicolae_two_hexagons, hell_entry, pan_entry, abyss_entry
Depths:4: grunt_twist_and_shout, layout_gridlike, ziggurat_fallback,
          pf_hell_entry_great_geh, pan_entry, abyss_entry,
          chequers_hall_statues_y, minmay_misc_feat_columns
Hell
Coc:1:    layout_cocytus_water_paths
Coc:2:    layout_ice_bergs
Coc:3:    layout_cocytus_water_paths
Coc:4:    layout_cocytus_water_paths
Coc:5:    layout_cocytus_delve
Coc:6:    layout_ice_bergs
Coc:7:    coc_hangedman
Zot:1:    dreamdust_black_sun_cult, layout_gridlike, hangedman_player_shredder,
          uniq_parghit
Zot:2:    layout_twisted_circle, skrybe_zot_glass_1,
          regret_index_zotdec_silver_v_v_orig_slice,
          regret_index_zotdec_onion_hex, hellmonk_body_bag
Zot:3:    nicolae_zot_stationary_front, layout_onion
Zot:4:    kennysheep_bubbly, layout_basic
Zot:5:    layout_gridlike, nicolae_tricolors

Skill      XL: |  1  2  3  4  5  6  7  8  9 10 11 12 13 14 15 16 17 18 19 20 21 22 23 24 25 26 27 |
---------------+----------------------------------------------------------------------------------+-----
Conjurations   | 1 2 3 4 5 6 7 8 9 10 11 13 14 16 17 18 19 24 | 24.3
Dodging        | 2 3 4 5 6 7 8 9 10 11 12 13 | 13.1
Fire Magic     | 3 4 5 7 8 10 11 12 13 14 15 16 17 18 19 24 | 24.2
Spellcasting   | 3 4 5 6 7 8 9 10 11 12 13 15 16 18 19 20 21 27 | 27.0
Stealth        | 2 3 4 5 8 |  8.0
Hexes          | 1 2 |  2.0
Fighting       | 1 3 5 7 8 9 11 12 13 14 15 16 17 18 19 20 24 | 24.0
Evocations     | 1 3 4 5 6 10 | 10.0
Staves         | 2 4 5 6 7 9 10 12 | 12.0
Armour         | 1 3 5 6 8 12 | 12.8
Shields        | 2 3 5 6 8 10 11 12 13 15 | 15.6
Air Magic      | 2 6 7 9 |  9.5
Throwing       | 3 5 6 8 10 | 10.0
Earth Magic    | 5 6 |  6.0

Action                     |  1- 3 |  4- 6 |  7- 9 | 10-12 | 13-15 | 16-18 | 19-21 | 22-24 | 25-27 || total
---------------------------+-------+-------+-------+-------+-------+-------+-------+-------+-------++-------
  Melee: Dagger            |     1 |       |     1 |     3 |       |       |       |       |       ||     5
         Staff             |       |       |       |     2 |    40 |    55 |    76 |    20 |  1120 ||  1313
         Headbutt          |       |       |       |       |     7 |    18 |    26 |     8 |   483 ||   542
         Kick              |       |       |       |       |       |       |       |     5 |   734 ||   739
         Trident           |       |       |       |       |       |       |       |       |    15 ||    15
  Throw: Large rock        |       |       |       |       |       |       |       |       |    51 ||    51
   Cast: Foxfire           |    47 |    63 |   163 |   357 |   193 |    22 |     3 |       |     3 ||   851
         Scorch            |     2 |    14 |    65 |   150 |   335 |   100 |    20 |     5 |    36 ||   727
         Flame Wave        |       |       |       |     6 |    26 |     3 |     6 |     1 |       ||    42
         Inner Flame       |       |       |       |    15 |    51 |    90 |    13 |       |     2 ||   171
         Fireball          |       |       |       |    13 |   207 |   362 |   194 |   100 |   151 ||  1027
         Starburst         |       |       |       |       |    23 |    20 |    16 |    18 |    72 ||   149
         Mephitic Cloud    |       |       |       |       |     1 |     4 |       |       |       ||     5
         Plasma Beam       |       |       |       |       |       |   140 |   360 |   180 |   684 ||  1364
         Orb of Destructio |       |       |       |       |       |     2 |    34 |    60 |   129 ||   225
         Ignition          |       |       |       |       |       |       |       |   106 |   255 ||   361
         Lee's Rapid Decon |       |       |       |       |       |       |       |       |    15 ||    15
         Apportation       |       |       |       |       |       |       |       |       |     1 ||     1
         Fire Storm        |       |       |       |       |       |       |       |       |   479 ||   479
         Passwall          |       |       |       |       |       |       |       |       |     5 ||     5
         Blink             |       |       |       |       |       |       |       |       |     2 ||     2
         Swiftness         |       |       |       |       |       |       |       |       |     2 ||     2
  Evoke: Wand              |       |       |       |     2 |     1 |     6 |       |     1 |     5 ||    15
         Phial of floods   |       |       |       |       |     2 |     1 |       |       |     1 ||     4
         Lightning rod     |       |       |       |       |       |       |       |       |     5 ||     5
         Horn of Geryon    |       |       |       |       |       |       |       |       |     3 ||     3
         Box of beasts     |       |       |       |       |       |       |       |       |     3 ||     3
         Phantom mirror    |       |       |       |       |       |       |       |       |     2 ||     2
         Condenser vane    |       |       |       |       |       |       |       |       |     1 ||     1
    Use: Scroll            |       |     2 |     5 |    12 |    15 |    10 |     8 |     6 |    32 ||    90
         Potion            |       |     1 |       |     2 |     2 |       |     4 |    13 |    20 ||    42
   Stab: Distracted        |       |       |       |     1 |       |       |       |       |     3 ||     4
         Confused          |       |       |       |       |       |     2 |       |       |       ||     2
         Paralysed         |       |       |       |       |       |     2 |       |       |       ||     2
         Sleeping          |       |       |       |       |       |       |       |       |     5 ||     5
 Armour: Robe              |    46 |     8 |    65 |   163 |   290 |   231 |   213 |   136 |    81 ||  1233
         Animal skin       |       |       |       |       |       |       |       |       |   939 ||   939
  Dodge: Dodged            |    26 |     8 |    24 |   107 |   208 |   107 |   109 |    82 |   839 ||  1510
  Block: Kite shield       |       |       |       |       |       |   128 |   165 |   117 |  1337 ||  1747
         Reflection        |       |       |       |       |       |    38 |    26 |     9 |    17 ||    90

Table legend: (Time is in decaauts)
 A = Elapsed time spent in this place.
 B = Non-inter-level travel time spent in this place.
 C = Inter-level travel time spent in this place.
 D = Time resting spent in this place.
 E = Time spent auto-exploring this place.
 F = Levels seen in this place.
 G = Mean time per level.
                   A        B        C        D        E       F      G
               +--------+--------+--------+--------+--------+-----+--------+
         Total | 107327 |  94257 |  13070 |  28568 |  29375 |  79 | 1358.6 |
       Dungeon |  19014 |  15609 |   3405 |   3417 |   7691 |  15 | 1267.6 |
        Temple |     14 |     13 |      1 |      0 |      0 |   1 |   14.0 |
          Lair |   8803 |   7797 |   1006 |   2266 |   2603 |   5 | 1760.6 |
        Shoals |   4610 |   4165 |    445 |    954 |   1500 |   4 | 1152.5 |
     Snake Pit |   6903 |   6374 |    529 |   2066 |   1901 |   4 | 1725.8 |
    Slime Pits |   3856 |   3658 |    198 |   1263 |   1194 |   5 |  771.2 |
  Orcish Mines |   3255 |   2335 |    920 |    485 |    801 |   2 | 1627.5 |
   Elven Halls |   6890 |   6095 |    795 |   2048 |   1953 |   3 | 2296.7 |
        Vaults |  13283 |  10966 |   2317 |   2925 |   3583 |   5 | 2656.6 |
         Crypt |   6131 |   5603 |    528 |   1723 |   1687 |   3 | 2043.7 |
          Tomb |   2007 |   1905 |    102 |    695 |     67 |   1 | 2007.0 |
        Depths |  11525 |  10409 |   1116 |   4173 |   2784 |   4 | 2881.2 |
          Hell |   1064 |   1030 |     34 |    240 |    351 |   1 | 1064.0 |
       Cocytus |   2638 |   2385 |    253 |    413 |    195 |   7 |  376.9 |
           Zot |  12946 |  11531 |   1415 |   4837 |   2498 |   5 | 2589.2 |
         Abyss |   2030 |   2030 |      0 |    135 |    218 |  12 |  169.2 |
        Bailey |   1154 |   1154 |      0 |    441 |    134 |   1 | 1154.0 |
      Ice Cave |   1195 |   1195 |      0 |    485 |    215 |   1 | 1195.0 |
               +--------+--------+--------+--------+--------+-----+--------+

Top non-repeatable levels by time:
Depths:4: 5059 daAuts
Vaults:1: 3751 daAuts
   Zot:1: 3549 daAuts
Depths:2: 3035 daAuts
Vaults:3: 3032 daAuts
   Zot:2: 3011 daAuts
   Zot:5: 2705 daAuts
Vaults:4: 2646 daAuts
 Crypt:3: 2539 daAuts
   Elf:1: 2434 daAuts
  Lair:5: 2386 daAuts
   Elf:3: 2361 daAuts
    D:14: 2327 daAuts
Vaults:2: 2258 daAuts
 Snake:4: 2201 daAuts
